[ PARTIDA AOE2 · #472024822 ]
UnrankedBorgoñones vs Maya
[ ANÁLISIS DE REPETICIÓN · EXTRAÍDO DE LA PARTIDA GRABADA ]
Feudal
13:47
Castillos
19:11
Imperial
—
| APM promedio | 34.0 |
| APM pico | 71 |
| eAPM promedio | 20.7 |
| Aldeanos / militares | 59 / 41 |
Foco
⚔️ 65.6% · 🌾 34.4%
Knight ×30 · Militia ×5 · Battering Ram ×4 · Mangonel ×2
Feudal
10:31
Castillos
14:05
Imperial
29:11
| APM promedio | 30.3 |
| APM pico | 71 |
| eAPM promedio | 16.2 |
| Aldeanos / militares | 106 / 42 |
Foco
⚔️ 29.5% · 🌾 70.5%
Genoese Crossbowman ×40 · Trebuchet (Packed) ×2
Feudal
10:14
Castillos
24:12
Imperial
35:01
| APM promedio | 38.3 |
| APM pico | 81 |
| eAPM promedio | 24.6 |
| Aldeanos / militares | 118 / 9 |
Foco
⚔️ 30.3% · 🌾 69.7%
Battering Ram ×5 · Archer ×2 · Trebuchet (Packed) ×2
Feudal
13:11
Castillos
17:07
Imperial
36:07
| APM promedio | 51.2 |
| APM pico | 93 |
| eAPM promedio | 16.8 |
| Aldeanos / militares | 87 / 32 |
Foco
⚔️ 23.6% · 🌾 76.4%
Conquistador ×32
Feudal
8:59
Castillos
20:44
Imperial
—
| APM promedio | 54.7 |
| APM pico | 95 |
| eAPM promedio | 34.2 |
| Aldeanos / militares | 125 / 96 |
Foco
⚔️ 50.2% · 🌾 49.8%
Steppe Lancer ×69 · Camel Scout ×20 · Scout Cavalry ×7
Feudal
8:33
Castillos
28:07
Imperial
—
| APM promedio | 41.0 |
| APM pico | 115 |
| eAPM promedio | 21.6 |
| Aldeanos / militares | 124 / 20 |
Foco
⚔️ 34.3% · 🌾 65.7%
Spearman ×12 · Battering Ram ×4 · Teutonic Knight ×3 · Mangonel ×1
Feudal
13:02
Castillos
17:56
Imperial
—
| APM promedio | 50.1 |
| APM pico | 125 |
| eAPM promedio | 25.8 |
| Aldeanos / militares | 102 / 88 |
Foco
⚔️ 27.9% · 🌾 72.1%
Huskarl ×78 · Battering Ram ×4 · Mangonel ×3 · Scorpion ×2 · Spearman ×1
Feudal
11:19
Castillos
15:27
Imperial
—
| APM promedio | 29.0 |
| APM pico | 53 |
| eAPM promedio | 19.1 |
| Aldeanos / militares | 151 / 50 |
Foco
⚔️ 23.6% · 🌾 76.4%
Knight ×27 · Scorpion ×10 · Camel Scout ×6 · Mangonel ×2 · Spearman ×2 · Battering Ram ×2
Mapa de la partida
Recursos iniciales + cada clic de construcción. Líneas = muros · curvas = relieve. ◆ oro · ⬟ piedra · ● bayas · ✦ reliquia · ◌ hueco del cierre
Tu base· ✓ Cerrada en 19:11 · 4t muro · 1 puerta(s)
Base de ImPerez22· ✓ Cerrada en 14:05 · 5t muro · 1 puerta(s)
Base de EXILE | LauraHero· ✓ Cerrada en 24:12 · 34t muro · 1 puerta(s)
Base de El Venenudo· ✓ Cerrada en 17:07 · 10t muro · 1 puerta(s) · frágil
Base de Charles Martel· ✓ Cerrada en 20:44 · 0t muro · sin puerta
Base de DSLG | Amate· ✓ Cerrada en 28:07 · 99t muro · 1 puerta(s)
Base de EXILE | ANOCUENTE· ✓ Cerrada en 17:56 · 19t muro · 1 puerta(s)
Base de hK | ViejoSabroso· ✓ Cerrada en 15:27 · 0t muro · frágil
Terreno inicial suavizado · ◌ = hueco del cierre detectado · pasá el cursor para detalles
Inputs por minuto
— 万物刍狗 - - ImPerez22
Build order — 万物刍狗
Primeras 150 de 205 acciones detectadas
| 0:01 | Crear | Villager (Male) |
| 0:01 | Crear | Villager (Male) |
| 0:02 | Crear | Villager (Male) |
| 0:03 | Construir | House |
| 0:04 | Construir | House |
| 0:13 | Crear | Villager (Male) |
| 0:14 | Crear | Villager (Male) |
| 1:27 | Crear | Villager (Male) |
| 1:59 | Crear | Villager (Male) |
| 2:00 | Crear | Villager (Male) |
| 2:19 | Crear | Villager (Male) |
| 2:19 | Crear | Villager (Male) |
| 2:26 | Construir | Lumber Camp |
| 2:45 | Crear | Villager (Male) |
| 2:46 | Crear | Villager (Male) |
| 3:15 | Crear | Villager (Male) |
| 3:26 | Construir | House |
| 3:42 | Crear | Villager (Male) |
| 3:42 | Crear | Villager (Male) |
| 4:08 | Crear | Villager (Male) |
| 4:08 | Crear | Villager (Male) |
| 4:13 | Construir | House |
| 4:49 | Construir | Palisade Wall |
| 4:51 | Crear | Villager (Male) |
| 4:52 | Crear | Villager (Male) |
| 5:12 | Crear | Villager (Male) |
| 5:16 | Construir | Barracks |
| 5:42 | Investigar | Loom |
| 5:43 | Investigar | Loom |
| 5:52 | Construir | Palisade Gate |
| 5:59 | Construir | House |
| 6:02 | Crear | Villager (Male) |
| 6:15 | Crear | Militia |
| 6:27 | Crear | Villager (Male) |
| 6:39 | Crear | Militia |
| 6:39 | Crear | Militia |
| 6:46 | Construir | Mill |
| 6:46 | Crear | Villager (Male) |
| 6:47 | Crear | Villager (Male) |
| 7:12 | Crear | Villager (Male) |
| 7:18 | Construir | Palisade Wall |
| 7:30 | Crear | Villager (Male) |
| 7:43 | Crear | Militia |
| 8:04 | Investigar | Double-Bit Axe |
| 8:04 | Investigar | Double-Bit Axe |
| 8:09 | Crear | Villager (Male) |
| 8:10 | Crear | Militia |
| 8:21 | Investigar | Horse Collar |
| 8:22 | Investigar | Horse Collar |
| 8:34 | Crear | Villager (Male) |
| 8:48 | Construir | Farm |
| 8:52 | Crear | Villager (Male) |
| 9:11 | Construir | Farm |
| 9:23 | Crear | Villager (Male) |
| 9:31 | Investigar | Wheelbarrow |
| 9:38 | Construir | House |
| 10:11 | Construir | House |
| 10:22 | Construir | Farm |
| 10:35 | Crear | Villager (Male) |
| 10:43 | Construir | Lumber Camp |
| 11:05 | Crear | Villager (Male) |
| 11:08 | Construir | Mining Camp |
| 11:25 | Construir | Farm |
| 11:37 | Investigar | Feudal Age |
| 11:37 | Investigar | Feudal Age |
| 12:01 | Construir | Farm |
| 12:16 | Investigar | Gold Mining |
| 13:29 | Construir | Farm |
| 13:47 | Edad | Edad Feudal |
| 13:54 | Construir | House |
| 13:55 | Crear | Villager (Male) |
| 14:05 | Construir | Blacksmith |
| 14:12 | Crear | Villager (Male) |
| 14:17 | Construir | Market |
| 14:23 | Crear | Villager (Male) |
| 14:54 | Construir | Gate |
| 14:59 | Construir | Stone Wall |
| 15:07 | Crear | Villager (Male) |
| 15:16 | Construir | Farm |
| 15:28 | Investigar | Loom |
| 15:33 | Crear | Villager (Male) |
| 15:47 | Construir | Farm |
| 15:48 | Construir | Farm |
| 15:53 | Crear | Villager (Male) |
| 16:15 | Construir | Stable |
| 16:20 | Construir | Farm |
| 16:31 | Investigar | Castle Age |
| 16:31 | Investigar | Castle Age |
| 16:57 | Construir | Stable |
| 17:10 | Construir | Stable |
| 17:15 | Investigar | Gold Shaft Mining |
| 17:20 | Investigar | Bow Saw |
| 17:20 | Investigar | Bow Saw |
| 17:37 | Construir | Farm |
| 17:52 | Construir | Farm |
| 17:54 | Construir | Farm |
| 17:59 | Investigar | Gold Shaft Mining |
| 17:59 | Investigar | Gold Shaft Mining |
| 18:04 | Construir | Farm |
| 18:14 | Construir | Farm |
| 18:21 | Investigar | Heavy Plow |
| 18:21 | Investigar | Heavy Plow |
| 19:11 | Edad | Edad de los Castillos |
| 19:13 | Crear | Villager (Male) |
| 19:14 | Crear | Knight |
| 19:15 | Investigar | Cavalier (upgrade) |
| 19:16 | Crear | Knight |
| 19:19 | Construir | Siege Workshop |
| 19:24 | Crear | Villager (Male) |
| 19:41 | Construir | Town Center |
| 19:52 | Crear | Knight |
| 19:52 | Crear | Knight |
| 19:59 | Construir | Farm |
| 20:06 | Crear | Villager (Male) |
| 20:18 | Crear | Knight |
| 20:20 | Crear | Knight |
| 20:31 | Construir | Farm |
| 20:34 | Crear | Villager (Male) |
| 20:37 | Crear | Battering Ram |
| 20:38 | Crear | Battering Ram |
| 20:42 | Crear | Knight |
| 21:03 | Crear | Villager (Male) |
| 21:05 | Crear | Knight |
| 21:19 | Crear | Villager (Male) |
| 21:24 | Crear | Battering Ram |
| 21:40 | Crear | Knight |
| 21:40 | Crear | Knight |
| 21:41 | Crear | Knight |
| 21:46 | Construir | House |
| 21:48 | Construir | House |
| 21:53 | Investigar | Loom |
| 21:53 | Investigar | Loom |
| 21:55 | Crear | Villager (Male) |
| 21:58 | Construir | Farm |
| 22:00 | Crear | Knight |
| 22:01 | Crear | Knight |
| 22:14 | Construir | Gate |
| 22:19 | Construir | Stone Wall |
| 22:27 | Construir | Stone Wall |
| 22:29 | Construir | Stone Wall |
| 22:30 | Construir | Stone Wall |
| 22:32 | Construir | Stone Wall |
| 22:35 | Construir | Stone Wall |
| 22:38 | Crear | Villager (Male) |
| 22:39 | Crear | Knight |
| 22:39 | Crear | Knight |
| 22:40 | Crear | Knight |
| 22:57 | Construir | House |
| 23:01 | Construir | House |
| 23:01 | Construir | House |
Build order — ImPerez22
Primeras 150 de 232 acciones detectadas
| 0:01 | Crear | Villager (Male) |
| 0:01 | Crear | Villager (Male) |
| 0:01 | Crear | Villager (Male) |
| 0:02 | Crear | Villager (Male) |
| 0:02 | Crear | Villager (Male) |
| 0:03 | Construir | House |
| 0:04 | Construir | House |
| 1:25 | Crear | Villager (Male) |
| 1:25 | Crear | Villager (Male) |
| 1:54 | Construir | Lumber Camp |
| 2:04 | Crear | Villager (Male) |
| 2:04 | Crear | Villager (Male) |
| 2:25 | Crear | Villager (Male) |
| 2:46 | Crear | Villager (Male) |
| 2:47 | Crear | Villager (Male) |
| 3:17 | Crear | Villager (Male) |
| 3:17 | Crear | Villager (Male) |
| 3:39 | Crear | Villager (Male) |
| 3:53 | Construir | House |
| 3:59 | Crear | Villager (Male) |
| 4:25 | Crear | Villager (Male) |
| 4:40 | Construir | House |
| 4:46 | Crear | Villager (Male) |
| 5:03 | Construir | Mill |
| 5:11 | Construir | Palisade Gate |
| 5:22 | Crear | Villager (Male) |
| 5:36 | Construir | Palisade Wall |
| 5:45 | Crear | Villager (Male) |
| 6:10 | Crear | Villager (Male) |
| 6:31 | Crear | Villager (Male) |
| 6:40 | Construir | House |
| 6:57 | Crear | Villager (Male) |
| 7:14 | Construir | Mining Camp |
| 7:20 | Crear | Villager (Male) |
| 7:50 | Crear | Villager (Male) |
| 7:50 | Investigar | Feudal Age |
| 8:17 | Crear | Villager (Male) |
| 8:38 | Crear | Villager (Male) |
| 9:02 | Construir | Mining Camp |
| 10:31 | Edad | Edad Feudal |
| 10:33 | Construir | Market |
| 10:42 | Construir | Blacksmith |
| 11:25 | Investigar | Castle Age |
| 11:25 | Investigar | Castle Age |
| 11:37 | Construir | House |
| 12:07 | Construir | Farm |
| 12:09 | Investigar | Loom |
| 12:13 | Construir | Farm |
| 12:23 | Investigar | Double-Bit Axe |
| 12:23 | Investigar | Double-Bit Axe |
| 13:37 | Crear | Villager (Male) |
| 14:05 | Edad | Edad de los Castillos |
| 14:12 | Construir | Lumber Camp |
| 14:38 | Crear | Villager (Male) |
| 15:15 | Crear | Villager (Male) |
| 15:35 | Crear | Villager (Male) |
| 15:56 | Construir | Castle |
| 16:06 | Construir | Castle |
| 16:08 | Crear | Villager (Male) |
| 16:31 | Crear | Villager (Male) |
| 16:32 | Investigar | Bow Saw |
| 16:39 | Construir | Town Center |
| 16:42 | Construir | Farm |
| 17:00 | Crear | Villager (Male) |
| 17:07 | Construir | Farm |
| 17:18 | Crear | Villager (Male) |
| 17:34 | Crear | Genoese Crossbowman |
| 17:34 | Crear | Genoese Crossbowman |
| 17:41 | Crear | Villager (Male) |
| 17:51 | Crear | Genoese Crossbowman |
| 17:56 | Investigar | Fletching |
| 17:57 | Investigar | Fletching |
| 18:03 | Construir | Farm |
| 18:17 | Construir | Farm |
| 18:22 | Crear | Genoese Crossbowman |
| 18:32 | Crear | Villager (Male) |
| 18:34 | Construir | Farm |
| 18:57 | Crear | Villager (Male) |
| 18:58 | Crear | Villager (Male) |
| 18:59 | Crear | Genoese Crossbowman |
| 19:14 | Crear | Villager (Male) |
| 19:15 | Crear | Villager (Male) |
| 19:18 | Construir | Farm |
| 19:19 | Crear | Genoese Crossbowman |
| 19:21 | Crear | Villager (Male) |
| 19:24 | Construir | Farm |
| 19:36 | Construir | Farm |
| 19:38 | Crear | Villager (Male) |
| 19:38 | Crear | Villager (Male) |
| 19:43 | Construir | Farm |
| 19:54 | Crear | Genoese Crossbowman |
| 20:01 | Crear | Villager (Male) |
| 20:20 | Crear | Villager (Male) |
| 20:21 | Construir | Farm |
| 20:22 | Construir | Farm |
| 20:29 | Crear | Villager (Male) |
| 20:29 | Crear | Villager (Male) |
| 20:35 | Construir | Farm |
| 20:35 | Crear | Genoese Crossbowman |
| 20:45 | Crear | Villager (Male) |
| 20:45 | Crear | Villager (Male) |
| 20:48 | Crear | Genoese Crossbowman |
| 20:57 | Crear | Genoese Crossbowman |
| 21:03 | Crear | Villager (Male) |
| 21:06 | Construir | Farm |
| 21:18 | Crear | Villager (Male) |
| 21:19 | Crear | Genoese Crossbowman |
| 21:22 | Crear | Villager (Male) |
| 21:29 | Construir | Farm |
| 21:33 | Construir | Farm |
| 21:41 | Crear | Villager (Male) |
| 21:44 | Construir | Farm |
| 21:54 | Crear | Villager (Male) |
| 21:55 | Crear | Genoese Crossbowman |
| 22:01 | Crear | Villager (Male) |
| 22:08 | Crear | Villager (Male) |
| 22:09 | Crear | Genoese Crossbowman |
| 22:14 | Construir | Farm |
| 22:30 | Crear | Villager (Male) |
| 22:31 | Crear | Villager (Male) |
| 22:32 | Crear | Genoese Crossbowman |
| 22:54 | Crear | Villager (Male) |
| 22:55 | Crear | Genoese Crossbowman |
| 23:00 | Investigar | Bodkin Arrow |
| 23:04 | Crear | Villager (Male) |
| 23:12 | Construir | House |
| 23:14 | Construir | House |
| 23:24 | Construir | House |
| 23:36 | Crear | Villager (Male) |
| 23:45 | Crear | Genoese Crossbowman |
| 23:53 | Crear | Villager (Male) |
| 23:59 | Crear | Villager (Male) |
| 24:00 | Crear | Genoese Crossbowman |
| 24:12 | Construir | Farm |
| 24:13 | Construir | Mill |
| 24:24 | Crear | Villager (Male) |
| 24:24 | Crear | Villager (Male) |
| 24:29 | Construir | House |
| 24:44 | Crear | Villager (Male) |
| 24:44 | Crear | Villager (Male) |
| 26:01 | Investigar | Imperial Age |
| 26:02 | Investigar | Imperial Age |
| 26:02 | Crear | Villager (Male) |
| 26:05 | Crear | Genoese Crossbowman |
| 26:05 | Crear | Genoese Crossbowman |
| 26:11 | Crear | Villager (Male) |
| 26:19 | Crear | Villager (Male) |
| 26:32 | Crear | Genoese Crossbowman |
| 26:45 | Crear | Villager (Male) |
| 26:46 | Crear | Genoese Crossbowman |
Build order — EXILE | LauraHero
Primeras 150 de 238 acciones detectadas
| 0:01 | Investigar | Loom |
| 0:03 | Construir | House |
| 0:06 | Construir | House |
| 0:12 | Crear | Villager (Male) |
| 0:12 | Crear | Villager (Male) |
| 0:15 | Crear | Villager (Male) |
| 0:16 | Crear | Villager (Male) |
| 1:24 | Crear | Villager (Male) |
| 1:24 | Crear | Villager (Male) |
| 1:47 | Construir | Lumber Camp |
| 2:09 | Crear | Villager (Male) |
| 2:09 | Crear | Villager (Male) |
| 2:09 | Crear | Villager (Male) |
| 2:43 | Crear | Villager (Male) |
| 3:26 | Crear | Villager (Male) |
| 3:26 | Crear | Villager (Male) |
| 3:28 | Construir | House |
| 3:29 | Construir | House |
| 3:40 | Crear | Villager (Male) |
| 4:07 | Crear | Villager (Male) |
| 4:07 | Crear | Villager (Male) |
| 4:18 | Crear | Villager (Male) |
| 4:36 | Construir | Palisade Gate |
| 4:44 | Crear | Villager (Male) |
| 4:44 | Crear | Villager (Male) |
| 5:41 | Crear | Villager (Male) |
| 5:45 | Construir | Palisade Wall |
| 5:50 | Crear | Villager (Male) |
| 6:00 | Construir | Mill |
| 6:57 | Crear | Villager (Male) |
| 6:57 | Crear | Villager (Male) |
| 6:57 | Crear | Villager (Male) |
| 7:13 | Crear | Villager (Male) |
| 7:13 | Crear | Villager (Male) |
| 7:35 | Crear | Villager (Male) |
| 8:04 | Investigar | Feudal Age |
| 8:42 | Construir | Palisade Wall |
| 8:53 | Construir | Mining Camp |
| 9:04 | Construir | Palisade Wall |
| 9:08 | Construir | Palisade Wall |
| 9:11 | Construir | Palisade Wall |
| 9:21 | Construir | Palisade Wall |
| 10:08 | Crear | Villager (Male) |
| 10:14 | Edad | Edad Feudal |
| 10:22 | Construir | Watch Tower |
| 11:01 | Construir | Blacksmith |
| 11:04 | Crear | Villager (Male) |
| 11:31 | Construir | Watch Tower |
| 11:36 | Crear | Villager (Male) |
| 11:38 | Crear | Villager (Male) |
| 11:55 | Construir | Watch Tower |
| 11:58 | Crear | Villager (Male) |
| 12:00 | Crear | Villager (Male) |
| 12:09 | Construir | House |
| 12:23 | Investigar | Fletching |
| 12:38 | Construir | Watch Tower |
| 12:42 | Crear | Villager (Male) |
| 12:45 | Investigar | Double-Bit Axe |
| 12:57 | Crear | Villager (Male) |
| 13:08 | Construir | Palisade Wall |
| 13:13 | Crear | Villager (Male) |
| 13:35 | Crear | Villager (Male) |
| 13:35 | Crear | Villager (Male) |
| 13:41 | Construir | Farm |
| 13:43 | Construir | Farm |
| 13:44 | Construir | Farm |
| 13:46 | Construir | Farm |
| 13:47 | Construir | Farm |
| 13:48 | Construir | Farm |
| 13:59 | Construir | Farm |
| 14:43 | Crear | Villager (Male) |
| 14:51 | Construir | House |
| 14:54 | Crear | Villager (Male) |
| 14:59 | Investigar | Horse Collar |
| 15:09 | Construir | Farm |
| 15:10 | Crear | Villager (Male) |
| 15:14 | Construir | Mining Camp |
| 15:21 | Crear | Villager (Male) |
| 15:47 | Crear | Villager (Male) |
| 15:49 | Construir | Farm |
| 16:00 | Crear | Villager (Male) |
| 16:18 | Crear | Villager (Male) |
| 16:24 | Construir | Farm |
| 16:32 | Construir | Farm |
| 16:33 | Crear | Villager (Male) |
| 16:46 | Construir | House |
| 16:57 | Crear | Villager (Male) |
| 17:15 | Crear | Villager (Male) |
| 17:22 | Construir | House |
| 17:24 | Crear | Villager (Male) |
| 17:30 | Construir | Farm |
| 17:31 | Crear | Villager (Male) |
| 17:44 | Crear | Villager (Male) |
| 17:53 | Construir | Mill |
| 17:58 | Crear | Villager (Male) |
| 18:16 | Construir | Farm |
| 18:19 | Crear | Villager (Male) |
| 18:27 | Investigar | Wheelbarrow |
| 19:02 | Crear | Villager (Male) |
| 19:31 | Crear | Villager (Male) |
| 20:06 | Construir | Market |
| 20:09 | Crear | Villager (Male) |
| 20:55 | Crear | Villager (Male) |
| 21:20 | Investigar | Castle Age |
| 21:24 | Construir | House |
| 22:16 | Investigar | Stone Mining |
| 22:25 | Construir | House |
| 22:28 | Construir | House |
| 22:36 | Construir | House |
| 22:58 | Construir | House |
| 23:18 | Construir | House |
| 24:04 | Construir | Palisade Wall |
| 24:05 | Construir | Farm |
| 24:05 | Construir | Farm |
| 24:12 | Edad | Edad de los Castillos |
| 24:18 | Construir | Castle |
| 24:33 | Crear | Villager (Male) |
| 24:41 | Investigar | Bodkin Arrow |
| 24:42 | Crear | Villager (Male) |
| 25:41 | Construir | Town Center |
| 25:44 | Crear | Villager (Male) |
| 25:53 | Construir | Town Center |
| 25:57 | Crear | Villager (Male) |
| 25:57 | Crear | Villager (Male) |
| 25:59 | Construir | Farm |
| 25:59 | Construir | Farm |
| 26:04 | Investigar | Bow Saw |
| 26:06 | Investigar | Heavy Plow |
| 26:08 | Crear | Villager (Male) |
| 26:17 | Crear | Villager (Male) |
| 26:37 | Crear | Villager (Male) |
| 26:39 | Crear | Villager (Male) |
| 26:42 | Construir | Farm |
| 26:42 | Construir | Farm |
| 26:43 | Construir | Farm |
| 26:43 | Construir | Farm |
| 26:43 | Construir | Farm |
| 26:44 | Construir | Farm |
| 26:51 | Crear | Villager (Male) |
| 27:03 | Construir | Palisade Gate |
| 27:05 | Crear | Villager (Male) |
| 27:11 | Construir | Farm |
| 27:13 | Crear | Villager (Male) |
| 27:16 | Crear | Villager (Male) |
| 27:30 | Construir | Farm |
| 27:30 | Crear | Villager (Male) |
| 27:36 | Construir | Lumber Camp |
| 27:38 | Crear | Villager (Male) |
| 27:40 | Crear | Villager (Male) |
| 27:47 | Crear | Villager (Male) |
Build order — El Venenudo
Primeras 150 de 214 acciones detectadas
| 0:02 | Crear | Villager (Male) |
| 0:02 | Crear | Villager (Male) |
| 0:03 | Construir | House |
| 0:06 | Construir | House |
| 0:16 | Crear | Villager (Male) |
| 0:16 | Crear | Villager (Male) |
| 0:17 | Crear | Villager (Male) |
| 1:33 | Crear | Villager (Male) |
| 1:56 | Construir | Lumber Camp |
| 2:04 | Crear | Villager (Male) |
| 2:19 | Crear | Villager (Male) |
| 2:20 | Crear | Villager (Male) |
| 2:54 | Crear | Villager (Male) |
| 2:55 | Crear | Villager (Male) |
| 3:21 | Crear | Villager (Male) |
| 3:49 | Crear | Villager (Male) |
| 4:04 | Crear | Villager (Male) |
| 4:21 | Construir | House |
| 4:25 | Construir | House |
| 4:43 | Crear | Villager (Male) |
| 5:05 | Construir | House |
| 5:14 | Crear | Villager (Male) |
| 5:21 | Construir | Mill |
| 5:41 | Crear | Villager (Male) |
| 5:54 | Construir | Palisade Wall |
| 6:28 | Construir | Palisade Gate |
| 6:40 | Crear | Villager (Male) |
| 6:41 | Crear | Villager (Male) |
| 6:44 | Construir | House |
| 7:01 | Crear | Villager (Male) |
| 7:41 | Crear | Villager (Male) |
| 8:06 | Crear | Villager (Male) |
| 8:57 | Construir | Mining Camp |
| 9:00 | Crear | Villager (Male) |
| 9:59 | Crear | Villager (Male) |
| 10:01 | Construir | Farm |
| 10:02 | Construir | Farm |
| 10:21 | Crear | Villager (Male) |
| 10:33 | Construir | Mining Camp |
| 11:01 | Investigar | Feudal Age |
| 13:04 | Construir | Farm |
| 13:05 | Construir | Farm |
| 13:11 | Edad | Edad Feudal |
| 13:12 | Crear | Villager (Male) |
| 13:12 | Crear | Villager (Male) |
| 13:16 | Construir | Market |
| 13:21 | Construir | Blacksmith |
| 13:25 | Crear | Villager (Male) |
| 14:16 | Investigar | Castle Age |
| 15:54 | Construir | House |
| 16:47 | Construir | Farm |
| 16:48 | Construir | Farm |
| 16:57 | Crear | Villager (Male) |
| 17:07 | Edad | Edad de los Castillos |
| 17:19 | Construir | Castle |
| 17:32 | Crear | Villager (Male) |
| 17:34 | Construir | Farm |
| 17:35 | Crear | Villager (Male) |
| 17:40 | Crear | Villager (Male) |
| 17:42 | Construir | Farm |
| 17:43 | Construir | Farm |
| 17:44 | Crear | Villager (Male) |
| 17:50 | Investigar | Padded Archer Armor |
| 17:50 | Investigar | Padded Archer Armor |
| 18:16 | Construir | Farm |
| 18:17 | Crear | Villager (Male) |
| 18:25 | Crear | Conquistador |
| 18:25 | Crear | Conquistador |
| 18:33 | Crear | Villager (Male) |
| 18:36 | Crear | Conquistador |
| 18:54 | Crear | Villager (Male) |
| 18:58 | Construir | Farm |
| 18:59 | Crear | Villager (Male) |
| 19:06 | Construir | Town Center |
| 19:12 | Crear | Conquistador |
| 19:17 | Construir | Barracks |
| 19:22 | Construir | Barracks |
| 19:32 | Construir | Farm |
| 19:44 | Crear | Conquistador |
| 19:54 | Crear | Conquistador |
| 20:17 | Construir | Farm |
| 20:18 | Crear | Villager (Male) |
| 20:24 | Crear | Conquistador |
| 20:47 | Crear | Conquistador |
| 21:10 | Crear | Villager (Male) |
| 21:12 | Crear | Villager (Male) |
| 21:15 | Construir | Farm |
| 21:16 | Construir | Farm |
| 21:53 | Crear | Conquistador |
| 21:53 | Crear | Conquistador |
| 22:08 | Crear | Villager (Male) |
| 22:10 | Construir | Farm |
| 22:10 | Construir | Farm |
| 22:10 | Construir | Farm |
| 22:16 | Investigar | Leather Archer Armor |
| 22:29 | Crear | Villager (Male) |
| 22:31 | Construir | Farm |
| 22:57 | Crear | Villager (Male) |
| 23:00 | Construir | Farm |
| 23:00 | Crear | Villager (Male) |
| 23:13 | Crear | Conquistador |
| 23:22 | Construir | Farm |
| 23:26 | Construir | Farm |
| 23:26 | Construir | Farm |
| 23:26 | Construir | Farm |
| 23:27 | Crear | Villager (Male) |
| 23:38 | Crear | Villager (Male) |
| 23:40 | Construir | Farm |
| 23:43 | Construir | Farm |
| 23:44 | Construir | Farm |
| 23:47 | Crear | Villager (Male) |
| 24:54 | Crear | Villager (Male) |
| 24:55 | Crear | Conquistador |
| 24:55 | Crear | Conquistador |
| 24:55 | Crear | Conquistador |
| 24:56 | Crear | Villager (Male) |
| 24:57 | Crear | Villager (Male) |
| 24:59 | Construir | House |
| 25:01 | Construir | House |
| 25:02 | Crear | Villager (Male) |
| 25:03 | Crear | Villager (Male) |
| 25:06 | Construir | Farm |
| 25:06 | Construir | Farm |
| 25:08 | Crear | Villager (Male) |
| 25:30 | Crear | Conquistador |
| 25:35 | Crear | Conquistador |
| 25:41 | Crear | Villager (Male) |
| 25:56 | Construir | Farm |
| 25:56 | Construir | Farm |
| 25:57 | Crear | Villager (Male) |
| 26:02 | Crear | Villager (Male) |
| 26:05 | Construir | House |
| 26:11 | Crear | Villager (Male) |
| 26:18 | Construir | Stable |
| 26:46 | Crear | Conquistador |
| 26:50 | Construir | Farm |
| 26:57 | Investigar | Wheelbarrow |
| 26:59 | Investigar | Husbandry |
| 27:15 | Crear | Villager (Male) |
| 27:18 | Construir | Farm |
| 27:34 | Crear | Conquistador |
| 27:38 | Crear | Conquistador |
| 27:40 | Crear | Villager (Male) |
| 28:06 | Crear | Conquistador |
| 28:06 | Crear | Conquistador |
| 28:23 | Crear | Villager (Male) |
| 28:23 | Crear | Villager (Male) |
| 28:25 | Construir | Farm |
| 28:25 | Construir | Farm |
| 28:38 | Crear | Villager (Male) |
Build order — Charles Martel
Primeras 150 de 398 acciones detectadas
| 0:01 | Crear | Villager (Male) |
| 0:01 | Crear | Villager (Male) |
| 0:02 | Construir | House |
| 0:04 | Construir | House |
| 0:10 | Crear | Villager (Male) |
| 0:18 | Crear | Villager (Male) |
| 0:18 | Crear | Villager (Male) |
| 1:13 | Crear | Villager (Male) |
| 1:14 | Crear | Villager (Male) |
| 1:46 | Crear | Villager (Male) |
| 1:46 | Crear | Villager (Male) |
| 1:57 | Construir | Lumber Camp |
| 2:25 | Crear | Villager (Male) |
| 2:43 | Crear | Villager (Male) |
| 3:15 | Crear | Villager (Male) |
| 3:34 | Construir | House |
| 3:41 | Crear | Villager (Male) |
| 3:56 | Construir | Mill |
| 3:58 | Crear | Villager (Male) |
| 3:58 | Crear | Villager (Male) |
| 4:17 | Construir | House |
| 4:34 | Crear | Villager (Male) |
| 4:34 | Crear | Villager (Male) |
| 5:12 | Crear | Villager (Male) |
| 5:59 | Crear | Villager (Male) |
| 6:02 | Investigar | Loom |
| 6:45 | Investigar | Feudal Age |
| 6:57 | Construir | Barracks |
| 8:40 | Crear | Villager (Male) |
| 8:59 | Edad | Edad Feudal |
| 9:00 | Construir | Stable |
| 9:02 | Investigar | Double-Bit Axe |
| 9:02 | Investigar | Double-Bit Axe |
| 9:03 | Investigar | Horse Collar |
| 9:03 | Investigar | Horse Collar |
| 9:13 | Construir | Farm |
| 9:23 | Crear | Villager (Male) |
| 9:26 | Construir | Farm |
| 9:33 | Construir | House |
| 9:44 | Construir | Farm |
| 9:45 | Crear | Scout Cavalry |
| 9:54 | Crear | Villager (Male) |
| 10:04 | Construir | Farm |
| 10:10 | Crear | Scout Cavalry |
| 10:17 | Construir | House |
| 10:24 | Crear | Villager (Male) |
| 10:29 | Construir | Farm |
| 10:47 | Crear | Scout Cavalry |
| 10:48 | Crear | Villager (Male) |
| 10:49 | Construir | Farm |
| 11:15 | Construir | Farm |
| 11:16 | Crear | Villager (Male) |
| 11:28 | Crear | Scout Cavalry |
| 11:37 | Construir | Farm |
| 11:45 | Crear | Villager (Male) |
| 11:55 | Construir | Farm |
| 12:02 | Crear | Scout Cavalry |
| 12:02 | Crear | Scout Cavalry |
| 12:10 | Crear | Villager (Male) |
| 12:12 | Construir | Farm |
| 12:34 | Crear | Villager (Male) |
| 12:57 | Crear | Villager (Male) |
| 13:13 | Crear | Villager (Male) |
| 13:20 | Construir | House |
| 13:25 | Crear | Villager (Male) |
| 13:28 | Crear | Scout Cavalry |
| 13:55 | Construir | Town Center |
| 14:19 | Crear | Villager (Male) |
| 14:27 | Construir | Mining Camp |
| 14:41 | Crear | Villager (Male) |
| 14:47 | Construir | House |
| 15:11 | Crear | Villager (Male) |
| 15:22 | Crear | Villager (Male) |
| 15:23 | Crear | Villager (Male) |
| 15:47 | Crear | Villager (Male) |
| 15:58 | Construir | Farm |
| 15:59 | Construir | Farm |
| 16:00 | Construir | Farm |
| 16:02 | Construir | Farm |
| 16:11 | Crear | Villager (Male) |
| 16:18 | Construir | Market |
| 16:20 | Crear | Villager (Male) |
| 16:31 | Crear | Villager (Male) |
| 16:41 | Crear | Villager (Male) |
| 16:47 | Crear | Villager (Male) |
| 16:50 | Construir | Blacksmith |
| 17:05 | Crear | Villager (Male) |
| 17:24 | Construir | Farm |
| 17:24 | Construir | Farm |
| 17:24 | Construir | Farm |
| 17:25 | Construir | Farm |
| 17:25 | Construir | Farm |
| 17:34 | Crear | Villager (Male) |
| 17:47 | Crear | Villager (Male) |
| 17:52 | Construir | Farm |
| 17:54 | Construir | Farm |
| 17:59 | Construir | Farm |
| 18:04 | Investigar | Castle Age |
| 18:15 | Construir | Farm |
| 18:18 | Construir | Farm |
| 18:38 | Investigar | Wheelbarrow |
| 18:51 | Construir | House |
| 19:08 | Investigar | Gold Mining |
| 19:08 | Investigar | Gold Mining |
| 19:12 | Construir | House |
| 19:22 | Investigar | Scale Barding Armor |
| 19:22 | Investigar | Scale Barding Armor |
| 19:25 | Construir | Farm |
| 19:27 | Construir | Farm |
| 19:32 | Construir | Farm |
| 19:50 | Crear | Villager (Male) |
| 19:57 | Investigar | Forging |
| 20:25 | Construir | Stable |
| 20:27 | Investigar | Bloodlines |
| 20:42 | Crear | Villager (Male) |
| 20:44 | Edad | Edad de los Castillos |
| 20:47 | Crear | Steppe Lancer |
| 20:52 | Construir | Farm |
| 20:54 | Construir | Farm |
| 20:56 | Crear | Villager (Male) |
| 21:04 | Construir | Farm |
| 21:10 | Construir | House |
| 21:10 | Crear | Villager (Male) |
| 21:11 | Crear | Steppe Lancer |
| 21:20 | Crear | Steppe Lancer |
| 21:28 | Construir | Farm |
| 21:30 | Crear | Villager (Male) |
| 21:30 | Crear | Villager (Male) |
| 21:33 | Crear | Steppe Lancer |
| 21:38 | Crear | Steppe Lancer |
| 21:43 | Construir | House |
| 21:48 | Crear | Steppe Lancer |
| 22:03 | Crear | Villager (Male) |
| 22:05 | Construir | Farm |
| 22:15 | Crear | Steppe Lancer |
| 22:16 | Crear | Villager (Male) |
| 22:19 | Construir | House |
| 22:21 | Crear | Villager (Male) |
| 22:22 | Construir | Farm |
| 22:33 | Crear | Villager (Male) |
| 22:40 | Crear | Steppe Lancer |
| 22:42 | Crear | Villager (Male) |
| 22:42 | Crear | Villager (Male) |
| 22:55 | Crear | Villager (Male) |
| 22:57 | Crear | Steppe Lancer |
| 22:58 | Crear | Steppe Lancer |
| 22:58 | Crear | Steppe Lancer |
| 22:59 | Construir | Farm |
| 23:18 | Crear | Camel Scout |
| 23:18 | Crear | Camel Scout |
Build order — DSLG | Amate
Primeras 150 de 268 acciones detectadas
| 0:01 | Crear | Villager (Male) |
| 0:02 | Crear | Villager (Male) |
| 0:02 | Crear | Villager (Male) |
| 0:03 | Construir | House |
| 0:04 | Construir | House |
| 0:11 | Crear | Villager (Male) |
| 0:11 | Crear | Villager (Male) |
| 1:26 | Crear | Villager (Male) |
| 1:26 | Crear | Villager (Male) |
| 1:26 | Crear | Villager (Male) |
| 2:01 | Crear | Villager (Male) |
| 2:01 | Crear | Villager (Male) |
| 2:15 | Crear | Villager (Male) |
| 2:15 | Crear | Villager (Male) |
| 2:15 | Crear | Villager (Male) |
| 2:43 | Crear | Villager (Male) |
| 2:44 | Crear | Villager (Male) |
| 2:52 | Construir | Lumber Camp |
| 3:05 | Crear | Villager (Male) |
| 3:05 | Crear | Villager (Male) |
| 3:19 | Construir | House |
| 4:01 | Crear | Villager (Male) |
| 4:01 | Crear | Villager (Male) |
| 4:06 | Crear | Villager (Male) |
| 4:07 | Crear | Villager (Male) |
| 4:21 | Crear | Villager (Male) |
| 4:21 | Crear | Villager (Male) |
| 5:02 | Crear | Villager (Male) |
| 5:02 | Crear | Villager (Male) |
| 5:24 | Construir | Mining Camp |
| 5:47 | Investigar | Loom |
| 6:23 | Investigar | Feudal Age |
| 6:37 | Construir | House |
| 6:38 | Construir | Palisade Wall |
| 7:18 | Construir | House |
| 7:20 | Construir | Palisade Wall |
| 7:47 | Crear | Villager (Male) |
| 7:47 | Crear | Villager (Male) |
| 8:33 | Edad | Edad Feudal |
| 8:35 | Construir | Watch Tower |
| 8:43 | Crear | Villager (Male) |
| 9:01 | Construir | Palisade Wall |
| 9:12 | Crear | Villager (Male) |
| 9:12 | Crear | Villager (Male) |
| 9:13 | Crear | Villager (Male) |
| 9:29 | Construir | House |
| 9:35 | Construir | Blacksmith |
| 9:50 | Construir | Watch Tower |
| 9:59 | Crear | Villager (Male) |
| 9:59 | Crear | Villager (Male) |
| 10:39 | Crear | Villager (Male) |
| 10:52 | Crear | Villager (Male) |
| 10:52 | Crear | Villager (Male) |
| 11:12 | Construir | Watch Tower |
| 11:20 | Construir | House |
| 11:28 | Crear | Villager (Male) |
| 11:28 | Crear | Villager (Male) |
| 11:28 | Crear | Villager (Male) |
| 11:42 | Construir | Palisade Wall |
| 11:43 | Construir | Palisade Wall |
| 11:44 | Construir | Palisade Wall |
| 11:46 | Construir | Palisade Wall |
| 11:46 | Construir | Palisade Wall |
| 11:47 | Construir | Palisade Wall |
| 11:55 | Construir | Stone Wall |
| 12:10 | Construir | Stone Wall |
| 12:11 | Construir | Stone Wall |
| 12:13 | Construir | Stone Wall |
| 12:15 | Construir | Stone Wall |
| 12:19 | Construir | Stone Wall |
| 12:21 | Crear | Villager (Male) |
| 12:21 | Crear | Villager (Male) |
| 12:22 | Crear | Villager (Male) |
| 12:23 | Construir | Stone Wall |
| 12:24 | Construir | Mill |
| 12:38 | Construir | Stone Wall |
| 12:41 | Construir | Stone Wall |
| 12:46 | Construir | Stone Wall |
| 12:49 | Construir | Stone Wall |
| 12:51 | Construir | Stone Wall |
| 13:05 | Construir | Stone Wall |
| 13:13 | Construir | Palisade Gate |
| 13:16 | Construir | Stone Wall |
| 13:18 | Construir | Stone Wall |
| 13:23 | Crear | Villager (Male) |
| 13:24 | Crear | Villager (Male) |
| 13:47 | Crear | Villager (Male) |
| 13:47 | Crear | Villager (Male) |
| 13:49 | Construir | Farm |
| 13:53 | Construir | Farm |
| 14:01 | Construir | Farm |
| 14:05 | Crear | Villager (Male) |
| 14:23 | Construir | Gate |
| 14:38 | Crear | Villager (Male) |
| 14:38 | Crear | Villager (Male) |
| 14:39 | Crear | Villager (Male) |
| 14:41 | Construir | Farm |
| 15:04 | Construir | Farm |
| 15:05 | Crear | Villager (Male) |
| 15:46 | Investigar | Fletching |
| 15:57 | Crear | Villager (Male) |
| 15:57 | Crear | Villager (Male) |
| 15:58 | Crear | Villager (Male) |
| 15:59 | Crear | Villager (Male) |
| 16:02 | Construir | House |
| 16:31 | Construir | Stone Wall |
| 16:38 | Construir | Palisade Wall |
| 16:44 | Crear | Villager (Male) |
| 16:44 | Crear | Villager (Male) |
| 17:13 | Construir | House |
| 17:23 | Investigar | Double-Bit Axe |
| 17:23 | Investigar | Double-Bit Axe |
| 17:24 | Crear | Villager (Male) |
| 17:34 | Construir | Stone Wall |
| 17:35 | Construir | Stone Wall |
| 18:26 | Investigar | Horse Collar |
| 18:27 | Crear | Villager (Male) |
| 18:27 | Crear | Villager (Male) |
| 18:29 | Construir | Farm |
| 18:30 | Construir | Farm |
| 18:31 | Construir | Farm |
| 18:32 | Crear | Villager (Male) |
| 18:33 | Crear | Villager (Male) |
| 18:33 | Crear | Villager (Male) |
| 18:33 | Crear | Villager (Male) |
| 19:20 | Construir | Farm |
| 19:25 | Construir | House |
| 19:27 | Construir | Farm |
| 19:32 | Construir | Farm |
| 19:33 | Construir | Farm |
| 20:00 | Construir | Farm |
| 20:01 | Construir | Farm |
| 20:15 | Crear | Villager (Male) |
| 20:32 | Construir | Farm |
| 20:35 | Crear | Villager (Male) |
| 20:53 | Construir | Stone Wall |
| 21:16 | Crear | Villager (Male) |
| 21:45 | Crear | Villager (Male) |
| 22:09 | Construir | Farm |
| 22:10 | Construir | Farm |
| 22:10 | Construir | Farm |
| 22:10 | Construir | Farm |
| 22:14 | Crear | Villager (Male) |
| 23:05 | Construir | Watch Tower |
| 23:12 | Construir | House |
| 23:19 | Investigar | Wheelbarrow |
| 23:20 | Investigar | Wheelbarrow |
| 23:24 | Construir | Mining Camp |
| 23:27 | Construir | Market |
| 23:45 | Construir | Palisade Wall |
Build order — EXILE | ANOCUENTE
Primeras 150 de 316 acciones detectadas
| 0:01 | Crear | Villager (Male) |
| 0:01 | Crear | Villager (Male) |
| 0:01 | Crear | Villager (Male) |
| 0:02 | Crear | Villager (Male) |
| 0:02 | Construir | House |
| 0:04 | Construir | House |
| 1:23 | Crear | Villager (Male) |
| 1:49 | Construir | Lumber Camp |
| 1:56 | Crear | Villager (Male) |
| 1:56 | Crear | Villager (Male) |
| 2:16 | Crear | Villager (Male) |
| 2:16 | Crear | Villager (Male) |
| 2:47 | Crear | Villager (Male) |
| 2:47 | Crear | Villager (Male) |
| 3:24 | Crear | Villager (Male) |
| 3:24 | Crear | Villager (Male) |
| 3:52 | Crear | Villager (Male) |
| 3:52 | Crear | Villager (Male) |
| 4:04 | Construir | House |
| 4:18 | Crear | Villager (Male) |
| 4:18 | Crear | Villager (Male) |
| 4:19 | Crear | Villager (Male) |
| 4:49 | Construir | House |
| 5:10 | Construir | Palisade Wall |
| 5:14 | Construir | Palisade Gate |
| 5:37 | Crear | Villager (Male) |
| 5:37 | Crear | Villager (Male) |
| 5:45 | Construir | Mill |
| 6:37 | Investigar | Loom |
| 6:42 | Crear | Villager (Male) |
| 6:42 | Crear | Villager (Male) |
| 7:18 | Construir | Farm |
| 7:21 | Crear | Villager (Male) |
| 7:22 | Crear | Villager (Male) |
| 7:35 | Construir | House |
| 7:52 | Crear | Villager (Male) |
| 7:52 | Crear | Villager (Male) |
| 8:03 | Construir | House |
| 8:18 | Construir | Farm |
| 8:18 | Construir | Farm |
| 8:35 | Construir | House |
| 8:42 | Construir | Farm |
| 8:58 | Crear | Villager (Male) |
| 9:05 | Construir | House |
| 9:18 | Construir | Mining Camp |
| 9:21 | Crear | Villager (Male) |
| 9:38 | Crear | Villager (Male) |
| 9:50 | Construir | Palisade Wall |
| 9:53 | Construir | Palisade Wall |
| 10:06 | Construir | Farm |
| 10:15 | Crear | Villager (Male) |
| 10:18 | Construir | Palisade Wall |
| 10:24 | Investigar | Feudal Age |
| 10:24 | Investigar | Feudal Age |
| 10:39 | Construir | Mining Camp |
| 10:55 | Crear | Villager (Male) |
| 11:04 | Construir | House |
| 11:41 | Construir | Palisade Wall |
| 12:09 | Construir | House |
| 12:11 | Construir | Palisade Wall |
| 12:22 | Construir | House |
| 12:35 | Crear | Villager (Male) |
| 12:48 | Crear | Villager (Male) |
| 13:02 | Edad | Edad Feudal |
| 13:11 | Construir | Blacksmith |
| 13:32 | Investigar | Double-Bit Axe |
| 14:03 | Construir | Market |
| 14:05 | Crear | Villager (Male) |
| 14:21 | Construir | Farm |
| 15:16 | Investigar | Castle Age |
| 15:16 | Investigar | Castle Age |
| 15:34 | Construir | Barracks |
| 15:55 | Construir | Lumber Camp |
| 16:06 | Investigar | Horse Collar |
| 16:06 | Investigar | Horse Collar |
| 16:39 | Crear | Spearman |
| 17:38 | Construir | Palisade Wall |
| 17:49 | Crear | Villager (Male) |
| 17:50 | Crear | Villager (Male) |
| 17:56 | Edad | Edad de los Castillos |
| 18:03 | Construir | Castle |
| 18:26 | Construir | Farm |
| 18:31 | Crear | Villager (Male) |
| 18:39 | Investigar | Bow Saw |
| 18:39 | Investigar | Bow Saw |
| 18:59 | Construir | Mining Camp |
| 19:03 | Crear | Villager (Male) |
| 19:05 | Construir | Farm |
| 19:10 | Crear | Villager (Male) |
| 19:13 | Construir | Farm |
| 19:18 | Crear | Huskarl |
| 19:18 | Crear | Huskarl |
| 19:18 | Crear | Huskarl |
| 19:19 | Crear | Huskarl |
| 19:33 | Construir | Siege Workshop |
| 19:41 | Investigar | Scale Mail Armor |
| 19:41 | Investigar | Scale Mail Armor |
| 19:55 | Crear | Villager (Male) |
| 19:56 | Crear | Villager (Male) |
| 19:57 | Crear | Huskarl |
| 19:58 | Crear | Huskarl |
| 20:19 | Crear | Huskarl |
| 20:30 | Crear | Villager (Male) |
| 20:33 | Construir | Farm |
| 20:42 | Crear | Mangonel |
| 20:59 | Investigar | Forging |
| 20:59 | Investigar | Forging |
| 21:05 | Crear | Huskarl |
| 21:15 | Construir | Farm |
| 21:20 | Crear | Villager (Male) |
| 22:00 | Crear | Battering Ram |
| 22:09 | Crear | Villager (Male) |
| 22:09 | Crear | Villager (Male) |
| 22:09 | Crear | Villager (Male) |
| 22:10 | Crear | Villager (Male) |
| 22:10 | Crear | Villager (Male) |
| 22:24 | Construir | Castle |
| 22:45 | Crear | Villager (Male) |
| 22:45 | Crear | Villager (Male) |
| 22:46 | Crear | Villager (Male) |
| 22:51 | Construir | Farm |
| 22:53 | Construir | Farm |
| 22:53 | Construir | Farm |
| 22:54 | Construir | Farm |
| 23:28 | Crear | Huskarl |
| 23:29 | Crear | Huskarl |
| 23:29 | Crear | Huskarl |
| 23:40 | Crear | Huskarl |
| 23:40 | Crear | Huskarl |
| 23:51 | Crear | Mangonel |
| 23:55 | Crear | Villager (Male) |
| 23:55 | Crear | Villager (Male) |
| 24:12 | Crear | Huskarl |
| 24:12 | Crear | Huskarl |
| 24:23 | Crear | Huskarl |
| 24:36 | Crear | Huskarl |
| 24:36 | Crear | Huskarl |
| 25:37 | Crear | Huskarl |
| 25:38 | Crear | Huskarl |
| 25:38 | Crear | Huskarl |
| 25:46 | Crear | Villager (Male) |
| 25:46 | Crear | Villager (Male) |
| 25:46 | Crear | Villager (Male) |
| 25:47 | Crear | Villager (Male) |
| 25:50 | Construir | Town Center |
| 25:52 | Construir | Farm |
| 25:53 | Construir | Farm |
| 25:53 | Construir | Farm |
| 25:53 | Construir | Farm |
| 25:54 | Construir | Farm |
Build order — hK | ViejoSabroso
Primeras 150 de 325 acciones detectadas
| 0:01 | Crear | Villager (Male) |
| 0:01 | Crear | Villager (Male) |
| 0:02 | Crear | Villager (Male) |
| 0:03 | Construir | House |
| 0:05 | Construir | House |
| 0:06 | Crear | Villager (Male) |
| 0:06 | Crear | Villager (Male) |
| 0:06 | Crear | Villager (Male) |
| 0:06 | Crear | Villager (Male) |
| 1:30 | Crear | Villager (Male) |
| 1:31 | Crear | Villager (Male) |
| 1:31 | Crear | Villager (Male) |
| 1:44 | Construir | Lumber Camp |
| 2:05 | Crear | Villager (Male) |
| 2:05 | Crear | Villager (Male) |
| 2:05 | Crear | Villager (Male) |
| 2:06 | Crear | Villager (Male) |
| 2:41 | Crear | Villager (Male) |
| 2:42 | Crear | Villager (Male) |
| 2:42 | Crear | Villager (Male) |
| 3:12 | Crear | Villager (Male) |
| 3:13 | Crear | Villager (Male) |
| 3:13 | Crear | Villager (Male) |
| 3:13 | Crear | Villager (Male) |
| 3:17 | Crear | Villager (Male) |
| 3:18 | Crear | Villager (Male) |
| 3:18 | Crear | Villager (Male) |
| 3:43 | Construir | House |
| 4:08 | Construir | Mill |
| 4:11 | Crear | Villager (Male) |
| 4:12 | Crear | Villager (Male) |
| 4:12 | Crear | Villager (Male) |
| 4:12 | Crear | Villager (Male) |
| 4:27 | Crear | Villager (Male) |
| 4:27 | Crear | Villager (Male) |
| 4:39 | Construir | House |
| 5:11 | Construir | House |
| 5:14 | Crear | Villager (Male) |
| 5:14 | Crear | Villager (Male) |
| 5:14 | Crear | Villager (Male) |
| 5:18 | Crear | Villager (Male) |
| 5:18 | Crear | Villager (Male) |
| 5:36 | Construir | Palisade Gate |
| 5:44 | Crear | Villager (Male) |
| 5:44 | Crear | Villager (Male) |
| 5:45 | Crear | Villager (Male) |
| 6:06 | Crear | Villager (Male) |
| 6:14 | Construir | Barracks |
| 6:33 | Crear | Villager (Male) |
| 6:33 | Crear | Villager (Male) |
| 7:00 | Construir | House |
| 7:24 | Crear | Villager (Male) |
| 7:24 | Crear | Villager (Male) |
| 7:24 | Crear | Villager (Male) |
| 7:25 | Crear | Villager (Male) |
| 7:25 | Crear | Villager (Male) |
| 7:25 | Crear | Villager (Male) |
| 7:46 | Construir | Mining Camp |
| 8:23 | Construir | Farm |
| 8:24 | Construir | Farm |
| 8:29 | Construir | Farm |
| 9:00 | Construir | Farm |
| 9:11 | Construir | Farm |
| 9:15 | Investigar | Feudal Age |
| 11:10 | Crear | Villager (Male) |
| 11:19 | Edad | Edad Feudal |
| 11:23 | Construir | Stable |
| 11:26 | Construir | Blacksmith |
| 11:36 | Crear | Villager (Male) |
| 11:58 | Investigar | Loom |
| 12:05 | Crear | Spearman |
| 13:00 | Construir | Stable |
| 13:02 | Investigar | Castle Age |
| 13:05 | Construir | Farm |
| 13:19 | Construir | Stable |
| 13:35 | Crear | Spearman |
| 13:47 | Investigar | Bloodlines |
| 13:56 | Construir | House |
| 14:06 | Construir | Farm |
| 14:07 | Construir | Farm |
| 14:30 | Investigar | Horse Collar |
| 14:52 | Investigar | Double-Bit Axe |
| 15:00 | Investigar | Scale Barding Armor |
| 15:00 | Investigar | Scale Barding Armor |
| 15:22 | Crear | Villager (Male) |
| 15:27 | Edad | Edad de los Castillos |
| 15:28 | Crear | Knight |
| 15:29 | Crear | Knight |
| 15:29 | Crear | Knight |
| 15:50 | Crear | Knight |
| 15:51 | Crear | Knight |
| 16:04 | Construir | House |
| 16:09 | Crear | Knight |
| 16:09 | Crear | Knight |
| 16:09 | Crear | Knight |
| 16:10 | Crear | Villager (Male) |
| 16:14 | Construir | Town Center |
| 16:33 | Crear | Knight |
| 16:40 | Construir | House |
| 16:52 | Construir | House |
| 16:54 | Construir | House |
| 16:58 | Crear | Villager (Male) |
| 17:33 | Crear | Villager (Male) |
| 17:42 | Construir | Siege Workshop |
| 17:52 | Crear | Knight |
| 17:52 | Crear | Knight |
| 17:59 | Crear | Villager (Male) |
| 18:25 | Crear | Villager (Male) |
| 19:08 | Crear | Villager (Male) |
| 19:09 | Crear | Villager (Male) |
| 19:22 | Construir | Monastery |
| 19:26 | Crear | Villager (Male) |
| 19:31 | Investigar | Bow Saw |
| 19:32 | Crear | Villager (Male) |
| 19:43 | Crear | Knight |
| 19:43 | Crear | Knight |
| 20:02 | Crear | Monk |
| 20:06 | Construir | Siege Workshop |
| 20:16 | Crear | Villager (Male) |
| 20:21 | Construir | Town Center |
| 20:24 | Construir | Lumber Camp |
| 20:26 | Crear | Villager (Male) |
| 20:26 | Crear | Villager (Male) |
| 20:45 | Construir | House |
| 20:46 | Construir | House |
| 21:09 | Crear | Scorpion |
| 21:09 | Crear | Scorpion |
| 21:11 | Crear | Villager (Male) |
| 21:17 | Construir | Farm |
| 21:18 | Construir | Farm |
| 21:18 | Construir | Farm |
| 21:18 | Construir | Farm |
| 21:19 | Construir | Farm |
| 21:27 | Construir | House |
| 21:56 | Crear | Battering Ram |
| 22:05 | Crear | Villager (Male) |
| 22:06 | Crear | Villager (Male) |
| 22:13 | Construir | Farm |
| 22:13 | Construir | Farm |
| 22:14 | Construir | Farm |
| 22:14 | Construir | Farm |
| 22:14 | Construir | Farm |
| 22:28 | Crear | Battering Ram |
| 22:34 | Crear | Villager (Male) |
| 22:41 | Construir | Farm |
| 22:41 | Construir | Farm |
| 22:42 | Construir | Farm |
| 22:42 | Construir | Farm |
| 22:42 | Construir | Farm |
| 22:43 | Construir | Farm |
Cronología de la partida
| 4:49 | 万物刍狗 · wall_segment Palisade Wall x1 |
| 5:10 | EXILE | ANOCUENTE · wall_segment Palisade Wall x10 |
| 5:16 | 万物刍狗 · first_building Barracks |
| 5:36 | ImPerez22 · wall_segment Palisade Wall x5 |
| 5:45 | EXILE | LauraHero · wall_segment Palisade Wall x6 |
| 5:54 | El Venenudo · wall_segment Palisade Wall x10 |
| 6:14 | hK | ViejoSabroso · first_building Barracks |
| 6:38 | DSLG | Amate · wall_segment Palisade Wall x14 |
| 6:57 | Charles Martel · first_building Barracks |
| 7:18 | 万物刍狗 · wall_segment Palisade Wall x1 |
| 7:20 | DSLG | Amate · wall_segment Palisade Wall x2 |
| 8:33 | DSLG | Amate · age_up feudal |
| 8:42 | EXILE | LauraHero · wall_segment Palisade Wall x5 |
| 8:59 | Charles Martel · age_up feudal |
| 9:00 | Charles Martel · first_building Stable |
| 9:01 | DSLG | Amate · wall_segment Palisade Wall x1 |
| 9:04 | EXILE | LauraHero · wall_segment Palisade Wall x5 |
| 9:08 | EXILE | LauraHero · wall_segment Palisade Wall x1 |
| 9:11 | EXILE | LauraHero · wall_segment Palisade Wall x1 |
| 9:21 | EXILE | LauraHero · wall_segment Palisade Wall x5 |
| 9:50 | EXILE | ANOCUENTE · wall_segment Palisade Wall x3 |
| 9:53 | EXILE | ANOCUENTE · wall_segment Palisade Wall x2 |
| 10:14 | EXILE | LauraHero · age_up feudal |
| 10:18 | EXILE | ANOCUENTE · wall_segment Palisade Wall x1 |
| 10:31 | ImPerez22 · age_up feudal |
| 11:19 | hK | ViejoSabroso · age_up feudal |
| 11:23 | hK | ViejoSabroso · first_building Stable |
| 11:41 | EXILE | ANOCUENTE · wall_segment Palisade Wall x1 |
| 11:42 | DSLG | Amate · wall_segment Palisade Wall x1 |
| 11:43 | DSLG | Amate · wall_segment Palisade Wall x1 |
| 11:44 | DSLG | Amate · wall_segment Palisade Wall x1 |
| 11:46 | DSLG | Amate · wall_segment Palisade Wall x1 |
| 11:46 | DSLG | Amate · wall_segment Palisade Wall x1 |
| 11:47 | DSLG | Amate · wall_segment Palisade Wall x1 |
| 11:55 | DSLG | Amate · wall_segment Stone Wall x1 |
| 12:10 | DSLG | Amate · wall_segment Stone Wall x1 |
| 12:11 | DSLG | Amate · wall_segment Stone Wall x1 |
| 12:11 | EXILE | ANOCUENTE · wall_segment Palisade Wall x1 |
| 12:13 | DSLG | Amate · wall_segment Stone Wall x1 |
| 12:15 | DSLG | Amate · wall_segment Stone Wall x1 |
| 12:18 | ImPerez22 · first_market_buy 100 food |
| 12:19 | DSLG | Amate · wall_segment Stone Wall x1 |
| 12:23 | DSLG | Amate · wall_segment Stone Wall x1 |
| 12:38 | DSLG | Amate · wall_segment Stone Wall x1 |
| 12:41 | DSLG | Amate · wall_segment Stone Wall x1 |
| 12:46 | DSLG | Amate · wall_segment Stone Wall x1 |
| 12:49 | DSLG | Amate · wall_segment Stone Wall x1 |
| 12:51 | DSLG | Amate · wall_segment Stone Wall x1 |
| 13:02 | EXILE | ANOCUENTE · age_up feudal |
| 13:05 | DSLG | Amate · wall_segment Stone Wall x16 |
| 13:08 | EXILE | LauraHero · wall_segment Palisade Wall x11 |
| 13:11 | El Venenudo · age_up feudal |
| 13:16 | DSLG | Amate · wall_segment Stone Wall x2 |
| 13:18 | DSLG | Amate · wall_segment Stone Wall x1 |
| 13:47 | 万物刍狗 · age_up feudal |
| 14:05 | ImPerez22 · age_up castle |
| 14:59 | 万物刍狗 · wall_segment Stone Wall x2 |
| 15:27 | hK | ViejoSabroso · age_up castle |
| 15:34 | EXILE | ANOCUENTE · first_building Barracks |
| 15:56 | ImPerez22 · first_building Castle |
| 16:15 | 万物刍狗 · first_building Stable |
| 16:31 | DSLG | Amate · wall_segment Stone Wall x1 |
| 16:38 | DSLG | Amate · wall_segment Palisade Wall x1 |
| 17:07 | El Venenudo · age_up castle |
| 17:19 | El Venenudo · first_building Castle |
| 17:34 | DSLG | Amate · wall_segment Stone Wall x8 |
| 17:35 | DSLG | Amate · wall_segment Stone Wall x4 |
| 17:38 | EXILE | ANOCUENTE · wall_segment Palisade Wall x1 |
| 17:42 | hK | ViejoSabroso · first_building Siege Workshop |
| 17:56 | EXILE | ANOCUENTE · age_up castle |
| 18:03 | EXILE | ANOCUENTE · first_building Castle |
| 19:11 | 万物刍狗 · age_up castle |
| 19:17 | El Venenudo · first_building Barracks |
| 19:19 | 万物刍狗 · first_building Siege Workshop |
| 19:22 | hK | ViejoSabroso · first_building Monastery |
| 19:33 | EXILE | ANOCUENTE · first_building Siege Workshop |
| 20:40 | EXILE | ANOCUENTE · first_market_sell 100 wood |
| 20:42 | El Venenudo · first_market_buy 100 food |
| 20:44 | Charles Martel · age_up castle |
| 20:53 | DSLG | Amate · wall_segment Stone Wall x1 |
| 22:14 | El Venenudo · first_market_sell 100 stone |
| 22:19 | 万物刍狗 · wall_segment Stone Wall x3 |
| 22:27 | 万物刍狗 · wall_segment Stone Wall x3 |
| 22:29 | 万物刍狗 · wall_segment Stone Wall x1 |
| 22:30 | 万物刍狗 · wall_segment Stone Wall x1 |
| 22:32 | 万物刍狗 · wall_segment Stone Wall x1 |
| 22:35 | 万物刍狗 · wall_segment Stone Wall x1 |
| 22:59 | ImPerez22 · first_market_sell 100 wood |
| 23:42 | EXILE | LauraHero · first_market_buy 100 stone |
| 23:45 | DSLG | Amate · wall_segment Palisade Wall x1 |
| 23:45 | DSLG | Amate · wall_segment Palisade Wall x1 |
| 24:02 | DSLG | Amate · wall_segment Palisade Wall x1 |
| 24:04 | EXILE | LauraHero · wall_segment Palisade Wall x1 |
| 24:04 | Charles Martel · first_market_buy 100 food |
| 24:12 | EXILE | LauraHero · age_up castle |
| 24:18 | EXILE | LauraHero · first_building Castle |
| 25:24 | DSLG | Amate · first_market_sell 100 food |
| 26:13 | 万物刍狗 · wall_segment Palisade Wall x1 |
| 26:18 | El Venenudo · first_building Stable |
| 26:26 | DSLG | Amate · wall_segment Stone Wall x4 |
| 26:29 | DSLG | Amate · wall_segment Stone Wall x7 |
| 26:50 | DSLG | Amate · wall_segment Stone Wall x1 |
| 26:56 | 万物刍狗 · wall_segment Palisade Wall x1 |
| 27:24 | hK | ViejoSabroso · first_market_buy 100 food |
| 27:37 | DSLG | Amate · wall_segment Stone Wall x15 |
| 27:41 | DSLG | Amate · wall_segment Stone Wall x6 |
| 28:07 | DSLG | Amate · age_up castle |
| 28:13 | EXILE | LauraHero · wall_segment Palisade Wall x1 |
| 28:26 | EXILE | LauraHero · first_building Siege Workshop |
| 28:35 | DSLG | Amate · first_market_buy 100 stone |
| 28:45 | DSLG | Amate · first_building Barracks |
| 29:02 | DSLG | Amate · first_building Siege Workshop |
| 29:11 | ImPerez22 · age_up imperial |
| 29:27 | EXILE | LauraHero · first_building Barracks |
| 30:34 | hK | ViejoSabroso · first_market_sell 500 stone |
| 31:29 | DSLG | Amate · wall_segment Stone Wall x12 |
| 31:31 | DSLG | Amate · wall_segment Stone Wall x13 |
| 31:36 | 万物刍狗 · resign |
| 31:45 | EXILE | LauraHero · first_market_sell 100 wood |
| 32:10 | DSLG | Amate · first_building Castle |
| 32:11 | Charles Martel · first_building Castle |
| 32:41 | EXILE | ANOCUENTE · first_market_buy 100 wood |
| 33:03 | EXILE | LauraHero · first_building Archery Range |
| 34:34 | ImPerez22 · wall_segment Stone Wall x7 |
| 34:36 | ImPerez22 · wall_segment Stone Wall x8 |
| 35:01 | EXILE | LauraHero · age_up imperial |
| 36:07 | El Venenudo · age_up imperial |
[ ANÁLISIS IA · 1 CRÉDITO ]
¿Qué pasó realmente en esta partida?
Wolo.gg analiza cada decisión: build order, eco, micro, errores típicos por bracket. Análisis personalizado por WhatsApp o Discord en 30 segundos.
Guía civ
Borgoñones
Perfil
Jugador #11093408